 Dungeon Crawl Stone Soup version 0.19.1-1-g22dce08 (webtiles) character file.

434 Kiturien the Stinger (level 7, -1/44 HPs)
             Began as an Octopode Venom Mage on Jan 16, 2017.
             Was an Initiate of Cheibriados.
             Splashed by a jelly's acid (5 damage)
             ... on level 5 of the Dungeon.
             The game lasted 00:46:36 (6072 turns).

Kiturien the Stinger (Octopode Venom Mage)          Turns: 6072, Time: 00:46:36

Health: -1/44      AC: -10   Str: 10    XL:     7   Next: 0%
Magic:  9/11       EV: 14    Int: 19    God:    Cheibriados [......]
Gold:   243        SH:  0    Dex: 18    Spells: 3 memorised, 4 levels left

rFire  + . .     SeeInvis .     d - +0 dagger
rCold  . . .     Gourm    .     (no shield)
rNeg   + . .     Faith    .     (helmet restricted)
rPois  .         Spirit   .     b - amulet of magic regeneration
rElec  .         Reflect  .     p - ring of positive energy
rCorr  .         Harm     .     u - ring of wizardry
MR     .....                    t - +5 ring of dexterity
Stlth  ++++......               (no ring)
                                (no ring)
                                (no ring)
                                (no ring)
                                (no ring)

@: corroded, starving, very slow
A: almost no armour, stealthy swim, amphibious, 8 rings, constrict 8, rugged
brown scales 1, camouflage 1, blink, fire resistance 1, screaming 1, gelatinous
body 1, MP-powered wands
a: Blink, Bend Time, Renounce Religion


You were on level 5 of the Dungeon.
You worshipped Cheibriados.
Cheibriados was noncommittal.
You were starving.

You visited 2 branches of the dungeon, and saw 6 of its levels.

You collected 243 gold pieces.

Inventory:

Hand Weapons
 d - a +0 dagger (weapon)
 s - a +0 blowgun
 v - a +2 mace of crushing
Missiles
 h - 43 poisoned needles
 i - 69 sling bullets
Jewellery
 b - an amulet of magic regeneration (around mantle)
 p - a ring of positive energy (left tentacle)
 t - a +5 ring of dexterity (on tentacle)
 u - a ring of wizardry (right tentacle)
Wands
 z - a wand of flame (25/48)
Scrolls
 k - a scroll of recharging {unknown}
 l - a scroll of amnesia {unknown}
 m - 3 scrolls of magic mapping
 n - 4 scrolls of remove curse
 o - a scroll of enchant weapon {unknown}
 r - a scroll of random uselessness
 w - a scroll of fear {unknown}
Potions
 c - a potion of curing
 e - a potion of ambrosia
 f - a potion of berserk rage {unknown}
 g - 2 potions of brilliance
 q - a potion of haste {unknown}
 x - a potion of heal wounds {unknown}
Books
 a - a Young Poisoner's Handbook

   Spells                             Type                      Level
   a - Sting                          Conjuration/Poison           1
   b - Mephitic Cloud                 Conjuration/Poison/Air       3
   c - Olgreb's Toxic Radiance        Poison                       4
   d - Alistair's Intoxication        Transmutation/Poison         5
   e - Venom Bolt                     Conjuration/Poison           5


   Skills:
 + Level 1.0 Fighting
 + Level 2.0 Short Blades
 + Level 1.0 Throwing
 + Level 2.6 Dodging
 + Level 4.6 Stealth
 + Level 0.4 Unarmed Combat
 + Level 3.2 Spellcasting
 + Level 2.5 Conjurations
 + Level 0.4 Air Magic
 + Level 6.2 Poison Magic


You had 4 spell levels left.
You knew the following spells:

 Your Spells              Type           Power        Failure   Level  Hunger
a - Sting                 Conj/Pois      ###.         1%          1    None
b - Mephitic Cloud        Conj/Pois/Air  ##......     6%          3    ###....
c - Olgreb's Toxic Radia  Pois           ####....     4%          4    ####...


Dungeon Overview and Level Annotations

Branches:
Dungeon (5/15)             Temple (1/1) D:5

Altars:
Ashenzari
Cheibriados
Dithmenos
Elyvilon
Fedhas
Gozag
Hepliaklqana
Kikubaaqudgha
Makhleb
Nemelex Xobeh
Okawaru
Qazlal
Sif Muna
Uskayaw
Vehumet
Xom
Yredelemnul
The Shining One

Annotations:
D:4 Dolanko's ghost, novice DsFi
D:5 baghtru's ghost, novice HOFi


Innate Abilities, Weirdness & Mutations

You cannot wear most types of armour.
You are very stealthy in the water. (Stealth+)
You are amphibious.
You can wear up to eight rings at the same time.
You can use your tentacles to constrict eight enemies at once.
Your skin changes colour to match your surroundings (Stealth+).
Your rubbery body absorbs attacks. (AC +1, EV +1)
You are partially covered in rugged brown scales. (AC +1, +3% HP)
You can translocate small distances at will.
Your flesh is heat resistant. (rF+)
You occasionally shout uncontrollably at your foes.
You expend magic power (3 MP) to strengthen your wands.


Message History

The jelly is moderately wounded.
You hit the jelly but do no damage.
Your tentacles burn!
The jelly is moderately wounded.
The jelly hits you.
You are splashed with acid!
The acid burns!
* * * LOW HITPOINT WARNING * * *
You hit the jelly. The acid corrodes you!
Your tentacles burn!
* * * LOW HITPOINT WARNING * * *
The jelly is moderately wounded.
The jelly misses you.
You hit the jelly but do no damage.
Your tentacles burn!
* * * LOW HITPOINT WARNING * * *
You squeeze the jelly, but do no damage.
The jelly is moderately wounded.
The jelly closely misses you.
You hit the jelly but do no damage. The acid corrodes you!
Your tentacles burn!
* * * LOW HITPOINT WARNING * * *
The jelly is moderately wounded.
The jelly barely misses you.
You hit the jelly but do no damage.
Your tentacles burn!
You die...

......#.#.........###......####
........#.......>.##...###....#
#.................##...# ####.###
#.....##...........#...# ###....
#..... ##..........(...# ##...##.
...#.# #.........#.....###..#.##.
..... #...........#.......##....
................J.......##.####.#
### #.#........@......###......#
#.#.........#.#..## ##...... #
#.......(.#.#..#####......
...........#...............
...#.#########...####......<
#.##. #...# ###..... # #...#
##.... #...## ####. #....# #.


You could see a jelly.

Vanquished Creatures
  2 orc wizards
  Jessica (D:3)
  Natasha (thrice) (D:2)
  3 worker ants (D:5)
  A hound skeleton (D:4)
  5 adders
  5 gnolls
  3 worms (D:2)
  A dart slug (D:3)
  2 leopard geckos
  10 orcs
  A ball python (D:2)
  12 bats
  5 giant cockroaches
  9 goblins
  7 hobgoblins
  3 quokkas
  4 frilled lizards
  A giant cockroach zombie (D:5)
  6 kobolds
  A leopard gecko skeleton (D:4)
  9 rats
94 creatures vanquished.

Notes
Turn   | Place    | Note
-------+----------+-------------------------------------------
     0 | D:1      | Kiturien the Octopode Venom Mage began the quest for the Orb.
     0 | D:1      | Reached XP level 1. HP: 11/11 MP: 3/3
   507 | D:1      | Reached skill level 5 in Poison Magic
   526 | D:1      | Reached XP level 2. HP: 7/17 MP: 5/5
  1631 | D:2      | Reached XP level 3. HP: 21/21 MP: 3/6
  2011 | D:2      | Noticed Natasha
  2026 | D:2      | Killed Natasha
  2026 | D:2      | Reached skill level 1 in Conjurations
  2026 | D:2      | Reached XP level 4. HP: 5/27 MP: 4/7
  2276 | D:2      | Noticed Natasha
  2286 | D:2      | Killed Natasha
  2598 | D:2      | Noticed Natasha
  2604 | D:2      | Killed Natasha
  2604 | D:2      | Reached skill level 1 in Short Blades
  2604 | D:2      | Reached XP level 5. HP: 24/32 MP: 5/8
  2935 | D:3      | Noticed Jessica
  2959 | D:3      | Learned a level 3 spell: Mephitic Cloud
  2964 | D:3      | Learned a level 4 spell: Olgreb's Toxic Radiance
  2976 | D:3      | Killed Jessica
  3295 | D:3      | Reached XP level 6. HP: 37/37 MP: 10/10
  3373 | D:3      | Reached skill level 6 in Poison Magic
  3933 | D:4      | Noticed Dolanko's ghost (novice DsFi)
  4054 | D:4      | Found a shattered altar of Ashenzari.
  4055 | D:4      | Found a burning altar of Makhleb.
  4056 | D:4      | Found a white marble altar of Elyvilon.
  4059 | D:4      | Found a snail-covered altar of Cheibriados.
  4445 | D:4      | Became a worshipper of Cheibriados the Contemplative
  4575 | D:4      | Gained mutation: You are partially covered in rugged brown scales. (AC +1, +3% HP) [potion of mutation]
  4575 | D:4      | Gained mutation: You occasionally shout uncontrollably at your foes. [potion of mutation]
  4575 | D:4      | Gained mutation: You can translocate small distances at will. [potion of mutation]
  4576 | D:4      | Gained mutation: You expend magic power (3 MP) to strengthen your wands. [potion of mutation]
  4576 | D:4      | Gained mutation: Your flesh is heat resistant. (rF+) [potion of mutation]
  4578 | D:5      | Entered Level 5 of the Dungeon
  4578 | D:5      | Found a staircase to the Ecumenical Temple.
  4635 | D:5      | Noticed baghtru's ghost (novice HOFi)
  4796 | D:5      | HP: 1/38 [gnoll/spear (6)]
  4801 | D:4      | Reached skill level 1 in Throwing
  5147 | Temple   | Entered the Ecumenical Temple
  5361 | D:5      | Found a shadowy altar of Dithmenos.
  6001 | D:5      | Reached skill level 1 in Fighting
  6003 | D:5      | Reached XP level 7. HP: 44/44 MP: 3/11
  6072 | D:5      | Splashed by a jelly's acid

Skill      XL: |  1  2  3  4  5  6 |
---------------+-------------------+-----
Poison Magic   | 5 6 |  6.2
Stealth        | 3 4 |  4.6
Conjurations   | 1 2 |  2.5
Short Blades   | 1 2 |  2.0
Spellcasting   | 3 |  3.2
Throwing       | 1 |  1.0
Fighting       | 1 |  1.0
Dodging        | |  2.6
Unarmed Combat | |  0.4
Air Magic      | |  0.4

Action                   |  1- 3 |  4- 6 |  7- 9 || total
-------------------------+-------+-------+-------++-------
Melee: Unarmed           |    23 |       |       ||    23
       Constrict         |    11 |    21 |       ||    32
       Tentacles         |     9 |     9 |     2 ||    20
       Dagger            |    24 |    79 |     7 ||   110
 Fire: Blowgun           |       |     8 |       ||     8
 Cast: Sting             |    42 |    63 |     5 ||   110
       Mephitic Cloud    |       |    10 |       ||    10
       Olgreb's Toxic Ra |       |     7 |       ||     7
Invok: Bend Time         |       |     1 |       ||     1
 Abil: Blink             |       |     2 |     1 ||     3
  Use: Potion            |       |     5 |       ||     5
       Scroll            |       |     9 |     1 ||    10
 Stab: Sleeping          |     5 |     3 |       ||     8
       Confused          |       |     1 |       ||     1
  Eat: Bread ration      |     1 |     1 |       ||     2
       Chunk             |       |     4 |       ||     4
       Meat ration       |       |     1 |       ||     1
Armor: Skin              |     7 |     3 |       ||    10
Dodge: Dodged            |    34 |    51 |     3 ||    88
